 Dungeon Crawl Stone Soup version 0.24.0-1-gfbc8707122 (webtiles) character file.

Game seed: 5154326542408044315, levelgen mode: deterministic

1359 Aviak the Changer (level 8, -3/56 HPs)
             Began as an Octopode Transmuter on Oct 27, 2019.
             Slain by a gnoll sergeant
             ... wielding a +0 spear
              (12 damage)
             ... on level 6 of the Dungeon.
             The game lasted 00:11:44 (7528 turns).

Aviak the Changer (Octopode Transmuter)             Turns: 7528, Time: 00:11:45

Health: -3/56      AC:  1    Str:  9      XL:     8   Next: 64%
Magic:  12/13      EV: 14    Int: 17      God:
Gold:   268        SH:  0    Dex: 10 (13) Spells: 3/14 levels left

rFire    . . .     SeeInvis +     - Unarmed
rCold    . . .     Gourm    .   (no shield)
rNeg     + . .     Faith    .   (helmet restricted)
rPois    .         Spirit   .   (no amulet)
rElec    .         Reflect  .   Z - ring of see invisible
rCorr    .         Harm     .   k - ring of positive energy
MR       .....                  w - ring of wizardry
Stlth    ++........             (no ring)
HPRegen  0.18/turn              (no ring)
MPRegen  0.13/turn              (no ring)
                                (no ring)
                                (no ring)

@: no status effects
A: almost no armour, stealthy swim, amphibious, 8 rings, constrict 8, camouflage
1, gelatinous body 1
a: no special abilities


You were on level 6 of the Dungeon.
You were not hungry.

You visited 2 branches of the dungeon, and saw 7 of its levels.

You collected 268 gold pieces.

Inventory:

Missiles
 a - 6 arrows
Jewellery
 k - a ring of positive energy (right tentacle)
 w - a ring of wizardry (on tentacle)
 Z - a ring of see invisible (left tentacle)
Wands
 u - a wand of flame (6)
 v - a wand of random effects (20)
Scrolls
 b - 3 scrolls of remove curse {unknown}
 d - 3 scrolls of fog {unknown}
 e - 2 scrolls of fear {unknown}
 g - 3 scrolls of noise {unknown}
 h - 2 scrolls of random uselessness {unknown}
 i - 5 scrolls of identify
 p - 3 scrolls of blinking {unknown}
 r - 5 scrolls of teleportation {unknown}
 x - 2 scrolls of immolation {unknown}
 y - 2 scrolls of amnesia {unknown}
Potions
 c - a potion of curing
 f - a potion of haste
 j - a potion of ambrosia
 l - a potion of invisibility {unknown}
 m - a potion of agility
 o - 5 potions of flight {unknown}
 q - 2 potions of cancellation {unknown}
 s - 2 potions of brilliance {unknown}
 t - 2 potions of might {unknown}
Comestibles
 n - 12 rations


   Skills:
 + Level 5.4 Fighting
 + Level 3.7 Dodging
 - Level 5.1 Unarmed Combat
 - Level 3.5 Spellcasting
 + Level 5.6 Transmutations
 - Level 3.0 Poison Magic


You had 3 spell levels left.
You knew the following spells:

 Your Spells              Type           Power        Failure   Level  Hunger
a - Beastly Appendage     Tmut           ###...       1%          1    None
b - Sticks to Snakes      Tmut           ###.....     1%          2    ##.....
c - Spider Form           Tmut/Pois      ###.......   3%          3    ###....
d - Blade Hands           Tmut           ###.......   17%         5    ######.

Your spell library contained the following spells:

 Spells                   Type           Power        Failure   Level  Hunger
 Ice Form                 Ice/Tmut       ##......     21%         4    ####...


Dungeon Overview and Level Annotations

Branches:
Dungeon (6/15)             Temple (1/1) D:6

Altars:
Cheibriados
Dithmenos
Elyvilon
Hepliaklqana
Makhleb
Nemelex Xobeh
Okawaru
Ru
Sif Muna
Trog
Uskayaw
Wu Jian
Xom
Yredelemnul
Zin
The Shining One

Shops:
D:4 (


Innate Abilities, Weirdness & Mutations

You cannot wear most types of armour.
You are very stealthy in the water. (Stealth+)
You are amphibious.
You can wear up to eight rings at the same time.
You can use your tentacles to constrict eight enemies at once.
Your skin changes colour to match your surroundings (Stealth+).
Your rubbery body absorbs attacks. (AC +1, EV +1)


Message History

You bite the gnoll sergeant!
The gnoll sergeant is heavily wounded.
The gnoll sergeant hits you with a +0 spear.
* * * LOW HITPOINT WARNING * * *
You hit the gnoll sergeant but do no damage.
The gnoll sergeant looks as sick as possible!
The gnoll sergeant is heavily wounded.
Unknown command.
You hit the gnoll sergeant but do no damage.
The gnoll sergeant looks as sick as possible!
The gnoll sergeant is heavily wounded.
Your transformation has ended.
The gnoll sergeant hits you with a +0 spear!
* * * LOW HITPOINT WARNING * * *
You tentacle-slap the gnoll sergeant. You grab the gnoll sergeant.
You squeeze the gnoll sergeant, but do no damage.
The gnoll sergeant is severely wounded.
You constrict the gnoll sergeant.
The gnoll sergeant hits you with a +0 spear!
You die...

<# .####
....###
......###
....#...###
....####..####
##. ....#
###...### ..g.
....#
###...####
.g..# ....#
####.@.#.....#
...##
###g....[..
#### ###.#####
#


You could see a gnoll sergeant.

Vanquished Creatures
  Sigmund (D:2)
  An orc warrior (D:6)
  An ogre (D:5)
  A bullfrog (D:6)
  A scorpion (D:5)
  2 howler monkeys
  A crimson imp (D:6)
  A bullfrog zombie (D:5)
  A hound (D:4)
  3 orc priests (D:4)
  3 orc wizards
  A centaur skeleton (D:4)
  A bullfrog skeleton (D:6)
  Ijyb (D:4)
  5 worker ants
  10 gnolls
  11 adders
  A shadow imp (D:5)
  3 oozes
  2 dart slugs (D:1)
  5 leopard geckos
  16 orcs
  A ball python (D:4)
  6 giant cockroaches
  10 goblins
  9 hobgoblins
  13 jackals
  8 kobolds
  A quokka (D:2)
  11 bats
  5 frilled lizards
  A giant cockroach zombie (D:5)
  A jackal zombie (D:5)
  A leopard gecko zombie (D:6)
  10 rats
149 creatures vanquished.

Vanquished Creatures (collateral kills)
  A quasit (D:5)
  An orc wizard (D:6)
  A gnoll (D:4)
  A worm (D:4)
  An orc (D:6)
  A goblin (D:4)
  A quokka skeleton (D:5)
7 creatures vanquished.

Grand Total: 156 creatures vanquished

Notes
Turn   | Place    | Note
-------+----------+-------------------------------------------
     0 | D:1      | Aviak the Octopode Transmuter began the quest for the Orb.
     0 | D:1      | Reached XP level 1. HP: 13/13 MP: 3/3
   293 | D:1      | Reached XP level 2. HP: 16/18 MP: 5/5
   668 | D:1      | Reached XP level 3. HP: 9/23 MP: 4/6
  1643 | D:2      | Noticed a +0 dagger
  1645 | D:2      | Noticed a +0 dagger
  1646 | D:2      | Found a hide-covered altar of Uskayaw.
  1701 | D:2      | Noticed Sigmund
  1703 | D:2      | Reached XP level 4. HP: 29/29 MP: 5/7
  1726 | D:2      | Killed Sigmund
  1726 | D:2      | Reached XP level 5. HP: 16/36 MP: 6/9
  1804 | D:2      | Reached XP level 6. HP: 20/41 MP: 8/10
  2493 | D:3      | Found a basalt altar of Yredelemnul.
  3013 | D:3      | HP: 2/42 [gnoll/+0 whip (6)]
  3362 | D:3      | Learned a level 2 spell: Sticks to Snakes
  3366 | D:3      | Learned a level 3 spell: Spider Form
  3865 | D:4      | Reached skill level 1 in Poison Magic
  3873 | D:4      | Reached XP level 7. HP: 27/46 MP: 12/12
  4400 | D:4      | Found a white marble altar of Elyvilon.
  4686 | D:4      | Noticed Ijyb
  4770 | D:4      | Killed Ijyb
  5159 | D:4      | Found Jetephy's Antique Weapon Shop.
  5204 | D:4      | Reached skill level 5 in Unarmed Combat
  5746 | D:4      | Learned a level 5 spell: Blade Hands
  5747 | D:5      | Entered Level 5 of the Dungeon
  5758 | D:5      | Reached XP level 8. HP: 44/54 MP: 11/13
  6224 | D:5      | Reached skill level 5 in Transmutations
  6424 | D:5      | Found a glowing golden altar of the Shining One.
  7034 | D:6      | Reached skill level 5 in Fighting
  7060 | D:6      | Found a staircase to the Ecumenical Temple.
  7069 | Temple   | Entered the Ecumenical Temple
  7528 | D:6      | Slain by a gnoll sergeant

Levels and vault maps discovered:
D:1:      saegor_arrival_under_anarchy, layout_basic
D:2:      layout_rooms, dancing_weapons_uskayaw, uniq_sigmund
D:3:      layout_basic, first_ration, lemuel_altar_in_water
D:4:      kennysheep_the_goblin_king, layout_basic, lemuel_round_altar,
          serial_shops, shop, minmay_starry_boxes
D:5:      layout_cave_pods, overflow_temple_1_default, kennysheep_pointless_box
D:6:      layout_cave_pods, temple_statues, grunt_ministairs_5
Temple:   nicolae_temple_hex_pool

Skill      XL: |  1  2  3  4  5  6  7  8 |
---------------+-------------------------+-----
Fighting       | 2 3 4 5 |  5.4
Unarmed Combat | 4 5 |  5.1
Spellcasting   | 3 |  3.5
Transmutations | 3 4 5 |  5.6
Poison Magic   | 1 3 |  3.0
Dodging        | 3 |  3.7

Action                   |  1- 3 |  4- 6 |  7- 9 || total
-------------------------+-------+-------+-------++-------
Melee: Unarmed           |    99 |   116 |   236 ||   451
       Constrict         |    24 |    31 |    46 ||   101
       Tentacles         |    13 |    19 |    33 ||    65
       Punch             |     2 |     2 |     5 ||     9
       Kick              |     3 |    12 |    33 ||    48
 Cast: Beastly Appendage |     6 |    11 |    13 ||    30
       Sticks to Snakes  |       |       |    12 ||    12
       Spider Form       |       |       |     5 ||     5
Evoke: Wand              |       |       |     7 ||     7
  Use: Scroll            |       |     3 |       ||     3
       Potion            |       |     1 |     2 ||     3
 Stab: Sleeping          |     7 |    10 |     2 ||    19
  Eat: Chunk             |     2 |     4 |     9 ||    15
       Ration            |       |     1 |     1 ||     2
Armor: Skin              |    10 |    15 |    12 ||    37
Dodge: Dodged            |    64 |    82 |   149 ||   295
